 Dungeon Crawl Stone Soup version 0.26.1-2-gb8aa6d0cf2 (webtiles) character file.

Game seed: 17421299182822916414

10081 Almogavar the Blocker (level 11, -23/61 HPs)
             Began as a Gargoyle Fighter on Mar 30, 2021.
             Was a High Priest of Okawaru.
             Killed from afar by a molten gargoyle (26 damage)
             ... with a bolt of magma
             ... on level 11 of the Dungeon.
             The game lasted 00:30:15 (11009 turns).

Almogavar the Blocker (Gargoyle Fighter)           Turns: 11009, Time: 00:30:16

Health: -23/61     AC: 25    Str: 27    XL:     11   Next: 56%
Magic:  11/11      EV:  9    Int: 10    God:    Okawaru [*****.]
Gold:   571        SH: 19    Dex:  9    Spells: 10/10 levels left

rFire    . . .     SeeInvis +   K - +2 whip "Ynennooz" {elec, Str+5} (curse)
rCold    . . .     Faith    .   c - +1 kite shield
rNeg     + . .     Spirit   .   g - +1 scale mail of Wolehul {+Fly rCorr Str+2}
rPois    ∞         Reflect  +   h - +1 helmet {SInv}
rElec    +         Harm     .   I - +1 cloak
rCorr    +         Rampage  .   j - +0 pair of gloves
Will     .....                  n - +0 pair of boots
Stlth    ..........             H - amulet of reflection
HPRegen  0.20/turn              (no ring)
MPRegen  0.12/turn              (no ring)

@: no status effects
A: frail 1, negative energy resistance 1, electricity resistance, weak 1,
unbreathing, petrification resistance, miasma immunity, AC +8
a: Renounce Religion, Evoke Flight, Heroism, Finesse


You were on level 11 of the Dungeon.
You worshipped Okawaru.
Okawaru was extremely pleased with you.
You visited 2 branches of the dungeon, and saw 12 of its levels.
You visited the Abyss 1 time.
You also visited: Sewer.

You collected 625 gold pieces.
You spent 54 gold pieces at shops.

Inventory:

Hand Weapons
 o - a +2 vorpal flail
 C - a +6 flail of protection
 K - the cursed +2 whip "Ynennooz" (weapon) {elec, Str+5}
   (You found it on level 10 of the Dungeon)

   Occasionally, upon striking a foe, it can discharge electrical energy and
   cause terrible harm.
   It affects your strength (+5).
   It has a curse placed upon it.
Armour
 c - a +1 kite shield (worn)
 f - +0 acid dragon scales
 g - the +1 scale mail of Wolehul (worn) {+Fly rCorr Str+2}
   (You found it on level 1 of the Abyss)

   It affects your strength (+2).
   It lets you fly.
   It provides partial protection from all sources of acid and corrosion.
 h - a +1 helmet of see invisible (worn)
 j - a +0 pair of gloves (worn)
 l - a +1 helmet
 n - a +0 pair of boots (worn)
 I - a +1 cloak (worn)
Jewellery
 H - an amulet of reflection (around neck)
Wands
 u - a wand of enslavement (28)
 v - a wand of paralysis (8)
 B - a wand of flame (33)
 D - a wand of acid (11)
Scrolls
 p - 3 scrolls of blinking {unknown}
 q - 3 scrolls of teleportation
 r - 4 scrolls of enchant armour
 t - a scroll of magic mapping
 w - a scroll of fog
 x - 4 scrolls of brand weapon {unknown}
 y - 4 scrolls of amnesia {unknown}
 A - 2 scrolls of fear
 E - a scroll of enchant weapon
 G - a scroll of noise {unknown}
 J - a scroll of silence
Potions
 a - a potion of degeneration {unknown}
 b - 6 potions of curing
 d - 2 potions of might
 e - 2 potions of ambrosia
 i - 5 potions of attraction {unknown}
 k - 4 potions of flight {unknown}
 m - 3 potions of lignification {unknown}
 s - 2 potions of haste
 z - a potion of mutation
 F - a potion of magic {unknown}


   Skills:
 + Level 8.0 Fighting
 + Level 10.8 Maces & Flails
 + Level 9.2 Armour
 + Level 1.3 Stealth
 + Level 11.2 Shields
 + Level 1.0 Invocations


You had 10 spell levels left.
You didn't know any spells.
Your spell library contained the following spells:

 Spells                   Type           Power        Failure   Level
 Freeze                   Ice            0%           77%         1
 Magic Dart               Conj           0%           77%         1
 Sting                    Tmut/Pois      0%           77%         1
 Poisonous Vapours        Pois/Air       0%           88%         2
 Searing Ray              Conj           0%           88%         2
 Dazzling Flash           Conj/Hex       0%           98%         3
 Frozen Ramparts          Ice            0%           98%         3
 Ignite Poison            Fire/Tmut/Pois 0%           98%         3
 Mephitic Cloud           Conj/Pois/Air  0%           98%         3
 Ozocubu's Armour         Ice            0%           98%         3
 Fulminant Prism          Conj/Hex       0%           100%        4
 Hailstorm                Conj/Ice       0%           100%        4
 Iskenderun's Mystic Bla  Conj/Tloc      0%           100%        4
 Olgreb's Toxic Radiance  Pois           0%           100%        4
 Summon Ice Beast         Ice/Summ       0%           100%        4


Dungeon Overview and Level Annotations

Branches:
Dungeon (11/15)            Temple (1/1) D:6            Lair (0/6) D:9
    Orc (0/2) D:11          Sewer (visited)

Altars:
Ashenzari
Cheibriados
Dithmenos
Elyvilon
Fedhas
Gozag
Hepliaklqana
Kikubaaqudgha
Makhleb
Nemelex Xobeh
Okawaru
Qazlal
Sif Muna
Vehumet
Yredelemnul
Zin
The Shining One

Shops:
D:6 *[:   D:9 *:}


Innate Abilities, Weirdness & Mutations

You are resistant to torment.
Your stone body is resilient. (AC +8)
You are immune to poison.
You resist negative energy. (rN+)
You are resistant to electric shocks. (rElec)
You can survive without breathing.
You are immune to petrification.
You are immune to miasma.
You are frail. (-10% HP)
You are weak. (Str -2)


Message History

The molten gargoyle blasts magma at you!
The bolt of magma hits you but does no damage.
You barely miss the molten gargoyle.
The molten gargoyle is heavily damaged.
The molten gargoyle blasts magma at you!
The bolt of magma hits you!
* * * LOW HITPOINT WARNING * * *
You hit the molten gargoyle.
The molten gargoyle is heavily damaged.
The molten gargoyle blasts magma at you!
The bolt of magma hits you!
* * * LOW HITPOINT WARNING * * *
You block the molten gargoyle's attack.
You hit the molten gargoyle but do no damage.
The molten gargoyle is heavily damaged.
You barely miss the molten gargoyle.
The molten gargoyle is heavily damaged.
The molten gargoyle blasts magma at you!
The bolt of magma hits you!!
You die...

....#..........>..))......#......
....#.....................#......
....############....#.....#######
....# ...>........#............
##### ............#............
............#......).....
............#............
.#......############.....
#......@..........#.....
#......99....(....#.....
#.................#.....
#.................#.....
#....#.......###########
#....#................
#....#................
#....#.....).......... #..
#................


You could see 2 molten gargoyles.

Vanquished Creatures
  Josephine (D:11)
  Erolcha (D:11)
  A fire crab (D:10)
  Maggie (D:6)
  A molten gargoyle (D:11)
  A kobold demonologist (D:11)
  An ancient zyme (Abyss:1)
  A hornet (D:10)
  6 slime creatures (D:10)
  3 fire elementals (D:10)
  4 wraiths (D:11)
  A fire bat (D:10)
  Edmund (D:6)
  2 neqoxecs (Abyss:1)
  4 wargs (D:11)
  A hell hound (D:10)
  A sky beast (D:5)
  Purgy (Sewer)
  3 orc warriors
  2 ice beasts
  2 necrophages
  2 black bears
  3 phantoms
  4 ogres
  3 centaurs
  2 bullfrogs
  2 scorpions
  A wyvern skeleton (D:9)
  3 wights (D:6)
  3 howler monkeys
  A centaur zombie (D:11)
  3 quasits
  A bullfrog zombie (D:8)
  6 hounds
  2 jellies
  3 orc priests
  7 orc wizards
  A bullfrog skeleton (D:8)
  2 centaur skeletons
  Terence (D:2)
  4 worker ants
  A hound skeleton (D:10)
  Robin (D:2)
  4 gnolls (D:9)
  2 howler monkey skeletons
  11 adders
  3 shadow imps
  5 white imps
  An ufetubus (D:6)
  2 oozes
  An adder skeleton (D:8)
  4 dart slugs
  3 leopard geckos
  20 orcs
  10 giant cockroaches
  10 hobgoblins
  10 jackals
  2 quokkas
  7 bats
  4 frilled lizards
  16 goblins
  9 kobolds
  A quokka skeleton (D:9)
  5 rats
225 creatures vanquished.

Notes
Turn   | Place    | Note
-------+----------+-------------------------------------------
     0 | D:1      | Almogavar the Gargoyle Fighter began the quest for the Orb.
     0 | D:1      | Reached XP level 1. HP: 14/14 MP: 1/1
   275 | D:1      | Reached XP level 2. HP: 18/19 MP: 2/2
   563 | D:1      | Reached skill level 4 in Shields
   641 | D:1      | Reached XP level 3. HP: 23/23 MP: 3/3
   927 | D:2      | Noticed Robin
   953 | D:2      | Killed Robin
   954 | D:2      | Reached XP level 4. HP: 29/29 MP: 4/4
   985 | D:2      | Found a hazy altar of Hepliaklqana.
  1186 | D:2      | Noticed Terence
  1198 | D:2      | Killed Terence
  1202 | D:2      | Reached XP level 5. HP: 33/33 MP: 5/5
  1778 | D:3      | Found a snail-covered altar of Cheibriados.
  1828 | D:3      | Found an ancient bone altar of Kikubaaqudgha.
  2168 | D:3      | Found a faded altar of an unknown god.
  2500 | D:4      | Reached XP level 6. HP: 35/38 MP: 6/6
  2555 | D:4      | Found a glowing drain.
  2574 | Sewer    | Entered a sewer
  2607 | Sewer    | Noticed Purgy
  2621 | Sewer    | Killed Purgy
  2622 | Sewer    | Reached skill level 5 in Shields
  3010 | D:4      | Reached XP level 7. HP: 43/43 MP: 7/7
  3479 | D:5      | Entered Level 5 of the Dungeon
  3604 | D:5      | Found a broken altar of Ashenzari.
  3658 | D:5      | Reached skill level 6 in Shields
  3968 | D:5      | Reached skill level 5 in Maces & Flails
  4028 | D:5      | Reached skill level 5 in Armour
  4200 | D:5      | Reached XP level 8. HP: 43/48 MP: 8/8
  4415 | D:6      | Noticed Edmund
  4447 | D:6      | Killed Edmund
  4448 | D:6      | Reached skill level 7 in Shields
  4560 | D:6      | Found a blossoming altar of Fedhas.
  4626 | D:6      | Found an opulent altar of Gozag.
  4656 | D:6      | Found a stormy altar of Qazlal.
  4773 | D:6      | Found a staircase to the Ecumenical Temple.
  4785 | Temple   | Entered the Ecumenical Temple
  4810 | Temple   | Became a worshipper of Warmaster Okawaru
  4858 | D:6      | Found Kepnyma's Assorted Antiques.
  4886 | D:6      | Found an opulent altar of Gozag.
  4922 | D:6      | Noticed Maggie
  4940 | D:6      | Cast into level 1 of the Abyss (Maggie)
  5083 | Abyss:1  | Gained mutation: You are frail. (-10% HP) [a neqoxec]
  5086 | Abyss:1  | Reached skill level 5 in Fighting
  5105 | Abyss:1  | Noticed an ancient zyme
  5119 | Abyss:1  | Killed an ancient zyme
  5141 | Abyss:1  | Got a distressingly furry scale mail
  5200 | Abyss:1  | Gained mutation: You are weak. (Str -2) [a neqoxec]
  5209 | D:6      | Escaped the Abyss
  5223 | D:6      | Killed Maggie
  5223 | D:6      | Reached * piety under Okawaru
  5224 | D:6      | Reached XP level 9. HP: 21/49 MP: 9/9
  5441 | D:6      | Identified the +1 scale mail of Wolehul {+Fly rCorr Str+2}
                  | (You found it on level 1 of the Abyss)
  5468 | D:6      | Found Gymp's Armour Boutique.
  5471 | D:6      | Bought a +0 pair of gloves for 54 gold pieces
  5486 | D:6      | Reached skill level 8 in Shields
  5535 | D:6      | Found Niuros's Book Emporium.
  5892 | D:7      | Reached ** piety under Okawaru
  6629 | D:8      | Reached *** piety under Okawaru
  6799 | D:8      | Reached XP level 10. HP: 48/54 MP: 10/10
  6974 | D:8      | Found a shadowy altar of Dithmenos.
  7604 | D:9      | Found a staircase to the Lair.
  7639 | D:9      | Found an iron altar of Okawaru.
  7684 | D:9      | Found a stormy altar of Qazlal.
  7759 | D:9      | Found Geeguv's Assorted Antiques.
  7934 | D:9      | Found Uted's Book Emporium.
  7956 | D:9      | Found Daomaejo's Gadget Shop.
  8012 | D:9      | Found a glowing silver altar of Zin.
  8218 | D:10     | Entered Level 10 of the Dungeon
  8309 | D:10     | Found a transporter.
  8355 | D:10     | Reached skill level 9 in Shields
  8494 | D:10     | Reached **** piety under Okawaru
  8835 | D:10     | Found a transporter.
  8839 | D:10     | Noticed a fire crab
  9167 | D:10     | Killed a fire crab
  9168 | D:10     | Reached skill level 10 in Maces & Flails
  9168 | D:10     | Reached skill level 10 in Shields
  9177 | D:10     | Reached ***** piety under Okawaru
  9178 | D:10     | Reached XP level 11. HP: 27/60 MP: 11/11
  9386 | D:10     | Got a steaming whip
  9578 | D:10     | Identified the cursed +2 whip "Ynennooz" {elec, Str+5} (You
                  | found it on level 10 of the Dungeon)
  9663 | D:11     | Noticed Erolcha
  9680 | D:11     | Killed Erolcha
  9681 | D:11     | Reached skill level 1 in Stealth
  9865 | D:11     | Noticed Josephine
  9894 | D:11     | Killed Josephine
  9909 | D:11     | Noticed a sun demon
  9914 | D:11     | Reached skill level 1 in Invocations
 10034 | D:11     | Found a staircase to the Orcish Mines.
 10044 | D:11     | Received a gift from Okawaru
 10050 | D:11     | Reached skill level 11 in Shields
 11007 | D:11     | HP: 2/61 [molten gargoyle/bolt of magma (12)]
 11009 | D:11     | Killed from afar by a molten gargoyle

Illustrated notes

Levels and vault maps discovered:
D:1:      minmay_arrival_semitransparent, layout_rooms
D:2:      layout_loops_ring, lemuel_round_altar, uniq_terence, uniq_robin
D:3:      layout_basic, marbit_many_paths, chequers_ecumenical_altar_simple,
          cheibriados_altar_1
D:4:      layout_cave_pods, portal_sewer_entry_f, minivault_19
D:5:      layout_basic, cheibrodos_ashenzari_chains
D:6:      layout_loops_ring, fedhas_altar_2, nicolae_gozag_seed_capital,
          temple_green, serial_shops, kennysheep_little_box, kennysheep_mini,
          kennysheep_mini_moat, basic_altar, grunt_qazlal_clouds, uniq_maggie,
          uniq_edmund
D:7:      layout_basic
D:8:      layout_basic, minmay_misc_feat_tiny, grunt_dithmenos_smoke_and_mirrors
D:9:      layout_rooms, zin_treasury, overflow_temple_1_default,
          dpeg_oklobed_lair, serial_shops, shop, shop, shop, minivault_16,
          columned_hall_lemuel, okawaru_trees_2
D:10:     gammafunk_cloud_chamber, layout_cross, hangedman_decor_riveting
D:11:     layout_grid_maze, minmay_orc_entry_guard_dogs, serial_glass,
          glass_columns_a, glass_columns_b, minivault_8, uniq_erolcha,
          uniq_josephine
Temple:   regret_index_temple_waves

Skill      XL: |  1  2  3  4  5  6  7  8  9 10 11 |
---------------+----------------------------------+-----
Shields        | 4 5 6 7 8 10 11 | 11.2
Maces & Flails | 3 4 5 7 8 10 | 10.8
Fighting       | 4 5 6 7 8 |  8.0
Armour         | 4 5 6 7 8 9 |  9.2
Stealth        | 1 |  1.3
Invocations    | 1 |  1.0

Action                   |  1- 3 |  4- 6 |  7- 9 | 10-12 || total
-------------------------+-------+-------+-------+-------++-------
Melee: Flail             |   132 |    70 |   199 |   191 ||   592
       Whip              |       |   179 |   121 |   195 ||   495
Invok: Heroism           |       |       |       |     7 ||     7
  Use: Scroll            |     1 |     6 |     6 |     5 ||    18
       Potion            |       |       |     3 |     3 ||     6
Armor: Scale mail        |    32 |       |    43 |   133 ||   208
       Chain mail        |    56 |   164 |   103 |       ||   323
Dodge: Dodged            |    34 |    45 |    63 |    91 ||   233
Block: Kite shield       |    82 |   132 |   153 |   297 ||   664
       Reflection        |       |       |       |     6 ||     6
